PAAA
ATHLETIC CLUB KC RESERVES @ GRYFINDOR BRAVES
08/24/2026
 
TOP OF THE 1ST
Athletic Club KC Reserves batting - Pitching for Gryfindor Braves : RHP Gabe Stephenson
Pitching: RHP Gabe Stephenson
Batting: LHB Matt Hartnett 0-0: Called Strike
0-1: SINGLE (Groundball, 6) (infield hit)
Batting: RHB Robert Hill 0-0: Called Strike
0-1: Ball
1-1: Swinging Strike
1-2: Ball
2-2: Fly out, F6 (Popup, 6D)
Batting: RHB Rick Atkinson 0-0: Ball
1-0: Swinging Strike
1-1: Ball
2-1: Ball
3-1: Swinging Strike
3-2: Foul Ball, location: 2F
3-2: SINGLE (Flyball, 78S)
Matt Hartnett to second
Batting: LHB Chris Hill 0-0: SINGLE (Line Drive, 8RS)
Matt Hartnett to third
Rick Atkinson to second
Runner from 3rd tries for Home, SAFE, no throw
Batting: RHB Bill Dennis 0-0: Called Strike
0-1: Foul Ball, location: 2F
0-2: Ball
1-2: Reached on error, E1 (Groundball, 13)
Rick Atkinson to third
Chris Hill to second
Batting: LHB Miguel Martínez 0-0: Ball
1-0: Ball
2-0: Foul Ball, location: 2F
2-1: DOUBLE (Line Drive, 89D)
Rick Atkinson scores
Chris Hill scores
Bill Dennis to third
Runner from 3rd tries for Home, SAFE, throw made home
Batting: RHB Allen Williams 0-0: Ball
1-0: Called Strike
1-1: Ball
2-1: Ball
3-1: Called Strike
3-2: Foul Ball, location: 2F
3-2: Ground out 6-3 (Groundball, 6S)
Miguel Martínez to third
Batting: RHB Mike Lovell 0-0: SINGLE (Groundball, 6D)
Miguel Martínez scores
Batting: RHB Chris Teague 0-0: Ball
1-0: Ball
2-0: Called Strike
2-1: SINGLE (Line Drive, 78M)
Mike Lovell to second
Batting: LHB Matt Hartnett 0-0: Swinging Strike
0-1: Ground out 4-3 (Groundball, 34)
Top of the 1st over - 5 run(s), 6 hit(s), 1 error(s), 2 left on base; Athletic Club KC 5 - Gryfindor 0
BOTTOM OF THE 1ST
Gryfindor Braves batting - Pitching for Athletic Club KC Reserves : RHP Álex Bane
Pitching: RHP Álex Bane
Batting: SHB Chris Murray 0-0: Foul Ball, location: 2F
0-1: Ball
1-1: Foul Ball, location: 2F
1-2: Strikes out swinging
Batting: LHB José Corona 0-0: Fly out, F8 (Flyball, 8LM)
Batting: SHB Salvador Trevino 0-0: Ball
1-0: Called Strike
1-1: Called Strike
1-2: Ground out 5-3 (Groundball, 56S)
Bottom of the 1st over - 0 run(s), 0 hit(s), 0 error(s), 0 left on base; Athletic Club KC 5 - Gryfindor 0
TOP OF THE 2ND
Athletic Club KC Reserves batting - Pitching for Gryfindor Braves : RHP Gabe Stephenson
Batting: RHB Robert Hill 0-0: Called Strike
0-1: Ball
1-1: Fly out, F9 (Flyball, 9D)
Batting: RHB Rick Atkinson 0-0: Fly out, F7 (Flyball, 7LM)
Batting: LHB Chris Hill 0-0: Ball
1-0: Called Strike
1-1: Ground out 4-3 (Groundball, 4)
Top of the 2nd over - 0 run(s), 0 hit(s), 0 error(s), 0 left on base; Athletic Club KC 5 - Gryfindor 0
BOTTOM OF THE 2ND
Gryfindor Braves batting - Pitching for Athletic Club KC Reserves : RHP Álex Bane
Batting: SHB Fernando Sánchez 0-0: Foul Ball, location: 2F
0-1: Ball
1-1: Ball
2-1: Ball
3-1: Called Strike
3-2: Strikes out looking
Batting: RHB Steve Duncan 0-0: Called Strike
0-1: Ball
1-1: Reached on error, E9 (Flyball, 89M)
Batting: SHB Arturo Romero 0-0: Called Strike
0-1: Called Strike
0-2: Ball
1-2: Strikes out swinging
Batting: LHB Ken Watanabe 0-0: Called Strike
Steve Duncan is caught stealing 2nd base
Bottom of the 2nd over - 0 run(s), 0 hit(s), 1 error(s), 0 left on base; Athletic Club KC 5 - Gryfindor 0
TOP OF THE 3RD
Athletic Club KC Reserves batting - Pitching for Gryfindor Braves : RHP Gabe Stephenson
Batting: RHB Bill Dennis 0-0: Swinging Strike
0-1: Swinging Strike
0-2: Foul Ball, location: 2F
0-2: Ball
1-2: Strikes out swinging
Batting: LHB Miguel Martínez 0-0: SINGLE (Flyball, 8RS)
Batting: RHB Allen Williams 0-0: Foul Ball, location: 2F
0-1: Ball
1-1: Foul Ball, location: 2F
1-2: Ball
2-2: Grounds into double play, 6-4-3 (Groundball, 6)
Top of the 3rd over - 0 run(s), 1 hit(s), 0 error(s), 0 left on base; Athletic Club KC 5 - Gryfindor 0
BOTTOM OF THE 3RD
Gryfindor Braves batting - Pitching for Athletic Club KC Reserves : RHP Álex Bane
Batting: LHB Ken Watanabe 0-0: Ball
1-0: Foul Ball, location: 2F
1-1: Ground out 4-3 (Groundball, 4)
Batting: SHB Emílio Gonzáles 0-0: Called Strike
0-1: Fly out, F2 (Popup, 23)
Batting: RHB Bob McNeil 0-0: Fly out, F2 (Popup, 2L)
Bottom of the 3rd over - 0 run(s), 0 hit(s), 0 error(s), 0 left on base; Athletic Club KC 5 - Gryfindor 0
TOP OF THE 4TH
Athletic Club KC Reserves batting - Pitching for Gryfindor Braves : RHP Gabe Stephenson
Batting: RHB Mike Lovell 0-0: Swinging Strike
0-1: Foul Ball, location: 2F
0-2: Ball
1-2: Strikes out swinging
Batting: RHB Chris Teague 0-0: Ball
1-0: Foul Ball, location: 2F
1-1: Ball
2-1: Ground out 5-3 (Groundball, 56)
Batting: LHB Matt Hartnett 0-0: Called Strike
0-1: Ball
1-1: Ball
2-1: Ball
3-1: Called Strike
3-2: Foul Ball, location: 2F
3-2: Foul Ball, location: 2F
3-2: Base on Balls
Batting: RHB Robert Hill 0-0: Ball
1-0: Fly out, F9 (Flyball, 9LSF)
Top of the 4th over - 0 run(s), 0 hit(s), 0 error(s), 1 left on base; Athletic Club KC 5 - Gryfindor 0
BOTTOM OF THE 4TH
Gryfindor Braves batting - Pitching for Athletic Club KC Reserves : RHP Álex Bane
Batting: SHB Chris Murray 0-0: Ball
1-0: Ball
2-0: Called Strike
2-1: Foul Ball, location: 2F
2-2: Fly out, F8 (Flyball, 8LS)
Batting: LHB José Corona 0-0: Ball
1-0: Ball
2-0: Ball
3-0: Called Strike
3-1: Base on Balls
Batting: SHB Salvador Trevino 0-0: Ball
1-0: Fielders Choice at 2nd, 6-4 (Groundball, 6)
Batting: SHB Fernando Sánchez 0-0: Fly out, F6 (Popup, 4M)
Bottom of the 4th over - 0 run(s), 0 hit(s), 0 error(s), 1 left on base; Athletic Club KC 5 - Gryfindor 0
TOP OF THE 5TH
Athletic Club KC Reserves batting - Pitching for Gryfindor Braves : RHP Gabe Stephenson
Batting: RHB Rick Atkinson 0-0: Called Strike
0-1: Ball
1-1: Foul Ball, location: 2F
1-2: Ball
2-2: TRIPLE (Flyball, 8LXD)
Batting: LHB Chris Hill 0-0: Ball
1-0: Foul Ball, location: 2F
1-1: Swinging Strike
1-2: Foul Ball, location: 2F
1-2: Foul Ball, location: 2F
1-2: Foul Ball, location: 2F
1-2: Fly out, F9 (Flyball, 9D)
Runner from 3rd tags up, SCORES, no throw
Pitching: RHP Casey Dagher
Batting: RHB Bill Dennis 0-0: Ball
1-0: Foul Ball, location: 2F
1-1: Ball
2-1: Ball
3-1: Swinging Strike
3-2: Base on Balls
Batting: LHB Miguel Martínez 0-0: 2-RUN HOME RUN (Flyball, 89XD), Distance : 433 ft
Batting: RHB Allen Williams 0-0: Ball
1-0: SINGLE (Groundball, 5S) (infield hit)
Batting: RHB Mike Lovell 0-0: Ball
1-0: Ball
2-0: Called Strike
2-1: Ball
3-1: Called Strike
3-2: Base on Balls
Allen Williams to second
Batting: RHB Chris Teague 0-0: Ball
1-0: Ball
2-0: Grounds into double play, 1-4-3 (Groundball, 15)
Top of the 5th over - 3 run(s), 3 hit(s), 0 error(s), 1 left on base; Athletic Club KC 8 - Gryfindor 0
BOTTOM OF THE 5TH
Gryfindor Braves batting - Pitching for Athletic Club KC Reserves : RHP Álex Bane
Batting: RHB Steve Duncan 0-0: Foul Ball, location: 2F
0-1: SOLO HOME RUN (Flyball, 78XD), Distance : 418 ft
Batting: SHB Arturo Romero 0-0: Foul Ball, location: 2F
0-1: Fly out, F9 (Flyball, 9)
Batting: LHB Ken Watanabe 0-0: Ball
1-0: Foul Ball, location: 2F
1-1: SOLO HOME RUN (Flyball, 8RXD), Distance : 438 ft
Batting: SHB Emílio Gonzáles 0-0: Called Strike
0-1: Ball
1-1: DOUBLE (Line Drive, 7LM)
Batting: RHB Bob McNeil 0-0: Ball
1-0: Ball
2-0: Fly out, F4 (Line Drive, 4)
Lined into DP, 4-6 (Line Drive, 4)
Bottom of the 5th over - 2 run(s), 3 hit(s), 0 error(s), 0 left on base; Athletic Club KC 8 - Gryfindor 2
TOP OF THE 6TH
Athletic Club KC Reserves batting - Pitching for Gryfindor Braves : RHP Casey Dagher
Batting: LHB Matt Hartnett 0-0: Foul Ball, location: 2F
0-1: Ball
1-1: Fly out, F5 (Popup, 5S)
Batting: RHB Robert Hill 0-0: Fly out, F7 (Line Drive, 7)
Batting: RHB Rick Atkinson 0-0: Ball
1-0: Ball
2-0: Ball
3-0: Base on Balls
Batting: LHB Chris Hill 0-0: Fly out, F7 (Flyball, 7LM)
Top of the 6th over - 0 run(s), 0 hit(s), 0 error(s), 1 left on base; Athletic Club KC 8 - Gryfindor 2
BOTTOM OF THE 6TH
Gryfindor Braves batting - Pitching for Athletic Club KC Reserves : RHP Álex Bane
Batting: SHB Chris Murray 0-0: Ball
1-0: SOLO HOME RUN (Flyball, 9LD), Distance : 332 ft
Batting: LHB José Corona 0-0: Ball
1-0: Ball
2-0: Foul Ball, location: 2F
2-1: Ball
3-1: Foul Ball, location: 2F
3-2: Ground out 4-3 (Groundball, 4S)
Batting: SHB Salvador Trevino 0-0: Ball
1-0: Foul Ball, location: 2F
1-1: SOLO HOME RUN (Flyball, 7LD), Distance : 369 ft
Batting: SHB Fernando Sánchez 0-0: Called Strike
0-1: Ball
1-1: Called Strike
1-2: Strikes out swinging
Batting: RHB Steve Duncan 0-0: Swinging Strike
0-1: Called Strike
0-2: Foul Ball, location: 2F
0-2: Ball
1-2: Ball
2-2: Foul Ball, location: 2F
2-2: Strikes out swinging
Bottom of the 6th over - 2 run(s), 2 hit(s), 0 error(s), 0 left on base; Athletic Club KC 8 - Gryfindor 4
TOP OF THE 7TH
Athletic Club KC Reserves batting - Pitching for Gryfindor Braves : RHP Casey Dagher
Batting: RHB Bill Dennis 0-0: Foul Ball, location: 2F
0-1: SINGLE (Groundball, 6MD)
Batting: LHB Miguel Martínez 0-0: Called Strike
0-1: Foul Ball, location: 2F
0-2: 2-RUN HOME RUN (Flyball, 8LXD), Distance : 446 ft
Pitching: RHP George Armstrong
Batting: RHB Allen Williams 0-0: Ball
1-0: Ball
2-0: Ball
3-0: Base on Balls
Batting: RHB Mike Lovell 0-0: Called Strike
0-1: Foul Ball, location: 2F
0-2: Ball
1-2: Fly out, F9 (Flyball, 9S)
Batting: RHB Chris Teague 0-0: Ball
1-0: Called Strike
1-1: Called Strike
1-2: Ball
2-2: Strikes out swinging
Batting: LHB Matt Hartnett 0-0: Called Strike
0-1: Ball
1-1: SINGLE (Groundball, 34D)
Allen Williams to second
Runner from 2nd tries for 3rd, SAFE, no throw
Batting: RHB Robert Hill 0-0: Swinging Strike
0-1: SINGLE (Line Drive, 56D)
Allen Williams scores
Matt Hartnett to second
Batting: RHB Rick Atkinson 0-0: Ball
1-0: Foul Ball, location: 2F
1-1: Foul Ball, location: 2F
1-2: Ball
2-2: Fly out, F8 (Flyball, 8LM)
Top of the 7th over - 3 run(s), 4 hit(s), 0 error(s), 2 left on base; Athletic Club KC 11 - Gryfindor 4
BOTTOM OF THE 7TH
Gryfindor Braves batting - Pitching for Athletic Club KC Reserves : RHP Álex Bane
Batting: SHB Arturo Romero 0-0: Ball
1-0: Swinging Strike
1-1: Fly out, F7 (Line Drive, 7)
Batting: LHB Ken Watanabe 0-0: Fly out, F5 (Popup, 5S)
Batting: SHB Emílio Gonzáles 0-0: Ball
1-0: Foul Ball, location: 2F
1-1: TRIPLE (Line Drive, 8RXD)
Batting: RHB Bob McNeil 0-0: Ball
1-0: Called Strike
1-1: Ball
2-1: Ball
3-1: Ground out U3 (Groundball, 3)
Bottom of the 7th over - 0 run(s), 1 hit(s), 0 error(s), 1 left on base; Athletic Club KC 11 - Gryfindor 4
TOP OF THE 8TH
Athletic Club KC Reserves batting - Pitching for Gryfindor Braves : RHP George Armstrong
Batting: LHB Chris Hill 0-0: Called Strike
0-1: Ball
1-1: Swinging Strike
1-2: Ball
2-2: Foul Ball, location: 2F
2-2: Foul Ball, location: 2F
2-2: Ball
3-2: Foul Ball, location: 2F
3-2: Base on Balls
Batting: RHB Bill Dennis 0-0: Ball
1-0: Ball
2-0: Ball
3-0: Called Strike
3-1: Base on Balls
Chris Hill to second
Batting: LHB Miguel Martínez 0-0: Swinging Strike
0-1: Ball
1-1: Ball
2-1: DOUBLE (Groundball, 5L)
Chris Hill scores
Bill Dennis to third
Batting: RHB Allen Williams 0-0: SINGLE (Groundball, 25) (infield hit)
Bill Dennis scores
Miguel Martínez to third
Batting: RHB Mike Lovell 0-0: Ball
1-0: SINGLE (Line Drive, 7LM)
Miguel Martínez scores
Allen Williams to second
Pitching: RHP Stanley Williams
Batting: RHB Chris Teague 0-0: Reached on error, E1 (Groundball, 15S)
Allen Williams to third
Mike Lovell to second
Batting: LHB Matt Hartnett 0-0: Reached on error, E5 (Groundball, 56)
Allen Williams scores
Mike Lovell to third
Chris Teague to second
Pinch Hitting: SHB Fernando Luna 0-0: Ball
1-0: SINGLE (Flyball, 9S)
Mike Lovell scores
Chris Teague to third
Matt Hartnett to second
Runner from 3rd tries for Home, SAFE, throw made home
Batting: RHB Rick Atkinson 0-0: Foul Ball, location: 2F
0-1: Called Strike
0-2: SINGLE (Flyball, 78M)
Matt Hartnett to third
Fernando Luna to second
Batting: LHB Chris Hill 0-0: Ball
1-0: Called Strike
1-1: Fielders Choice at 2nd, 3-6 (Groundball, 3)
Matt Hartnett scores
Fernando Luna to third
Batting: RHB Bill Dennis 0-0: Ball
1-0: Swinging Strike
1-1: Ball
2-1: Foul Ball, location: 2F
2-2: Strikes out swinging
Batting: LHB Miguel Martínez 0-0: Ball
1-0: Called Strike
1-1: Foul Ball, location: 2F
1-2: Ball
2-2: Ball
3-2: Base on Balls
Chris Hill to second
Batting: RHB Allen Williams 0-0: Foul Ball, location: 2F
0-1: Ball
1-1: Ball
2-1: Swinging Strike
2-2: Ball
3-2: Base on Balls
Fernando Luna scores
Chris Hill to third
Miguel Martínez to second
Batting: RHB Mike Lovell 0-0: Ball
1-0: Foul Ball, location: 2F
1-1: Fly out, F8 (Flyball, 8RM)
Top of the 8th over - 8 run(s), 5 hit(s), 2 error(s), 3 left on base; Athletic Club KC 19 - Gryfindor 4
BOTTOM OF THE 8TH
Gryfindor Braves batting - Pitching for Athletic Club KC Reserves : RHP Álex Bane
Pitching: RHP Alfonso Álvarez
Now in CF: António Montés
Batting: SHB Chris Murray 0-0: Ball
1-0: Called Strike
1-1: Foul Ball, location: 2F
1-2: Strikes out swinging
Batting: LHB José Corona 0-0: Ball
1-0: Called Strike
1-1: Ground out U3 (Groundball, 3L)
Pinch Hitting: LHB Michael Smith 0-0: Ball
1-0: Ball
2-0: SINGLE (Flyball, 7S)
Batting: SHB Fernando Sánchez 0-0: Called Strike
0-1: 2-RUN HOME RUN (Flyball, 8RXD), Distance : 446 ft
Pinch Hitting: LHB Jack Schmitt 0-0: Ball
1-0: Called Strike
1-1: Ball
2-1: Ball
3-1: Foul Ball, location: 2F
3-2: Base on Balls
Batting: SHB Arturo Romero 0-0: SINGLE (Line Drive, 9LS)
Jack Schmitt to second
Batting: LHB Ken Watanabe 0-0: Ball
1-0: Fly out, F8 (Line Drive, 8RXD)
Bottom of the 8th over - 2 run(s), 3 hit(s), 0 error(s), 2 left on base; Athletic Club KC 19 - Gryfindor 6
TOP OF THE 9TH
Athletic Club KC Reserves batting - Pitching for Gryfindor Braves : RHP Stanley Williams
Now in LF: Micheal Garren
Now in RF: Jack Schmitt
Batting: RHB Chris Teague 0-0: Ball
1-0: Foul Ball, location: 2F
1-1: Foul Ball, location: 2F
1-2: Strikes out swinging, 2-3 out at first.
Pinch Hitting: RHB John Williams 0-0: Ball
1-0: Swinging Strike
1-1: Swinging Strike
1-2: Strikes out swinging
Batting: SHB António Montés 0-0: Called Strike
0-1: Ball
1-1: Foul Ball, location: 2F
1-2: Ball
2-2: Foul Ball, location: 2F
2-2: Foul Ball, location: 2F
2-2: Ground out 4-3 (Groundball, 34)
Top of the 9th over - 0 run(s), 0 hit(s), 0 error(s), 0 left on base; Athletic Club KC 19 - Gryfindor 6
BOTTOM OF THE 9TH
Gryfindor Braves batting - Pitching for Athletic Club KC Reserves : RHP Alfonso Álvarez
Now in LF: Mark Evans
Batting: SHB Emílio Gonzáles 0-0: Ball
1-0: Swinging Strike
1-1: Called Strike
1-2: Fly out, F9 (Line Drive, 9D)
Batting: RHB Bob McNeil 0-0: Ball
1-0: Ball
2-0: Called Strike
2-1: Foul Ball, location: 2F
2-2: Ball
3-2: Foul Ball, location: 2F
3-2: Ground out 6-3 (Groundball, 6)
Batting: SHB Chris Murray 0-0: Ball
1-0: Called Strike
1-1: Ball
2-1: Called Strike
2-2: Ball
3-2: Strikes out swinging
Bottom of the 9th over - 0 run(s), 0 hit(s), 0 error(s), 0 left on base; Athletic Club KC 19 - Gryfindor 6
Monday, March 20th, 2017 - OOTP Baseball 17.12 Build 75